Map: Deathaura LE

Players

SKillous

  • Race: Protoss Protoss
  • League: Grandmaster
  • Spawn Location: 11:00

HeroMarine - Winner!

  • Race: Terran Terran
  • League: Grandmaster
  • Spawn Location: 5:00

Event: DreamHack SC2 Masters 2020 Winter

VOD

Have the link to the VOD?

Description

Time

  • Played on: Nov. 6, 2020, 10:18 a.m.
  • Length: 6:21

All games in this series

Show
View Real Time Build Order
Export as new Build Order

SKillous Protoss 

Build Orders: 1 Gate Expand, Oracle Opening 

Get SALT Encoding   

  12  0:00  Probe  
  13  0:12  Probe  
  14  0:18  Pylon  
  14  0:24  Probe  
  15  0:36  Probe (Chrono Boost)  
  15  0:38  Gateway  
  16  0:46  Assimilator, Probe (Chrono Boost)  
  17  0:51  Probe (Chrono Boost)  
  18  1:03  Probe  
  19  1:15  Probe  
  20  1:25  Cybernetics Core  
  20  1:33  Nexus  
  20  1:39  Probe  
  21  1:43  Pylon  
  21  1:48  Assimilator  
  21  1:51  Probe  
  22  1:59  Adept (Chrono Boost)  
  22  2:03  Probe  
  22  2:08  Pylon  
  25  2:15  Probe  
  26  2:26  Stargate  
  26  2:27  Probe (Chrono Boost)  
  26  2:28  Warp Gate  
  28  2:38  Probe (Chrono Boost)  
  28  2:40  Stalker  
  30  2:45  Probe (Chrono Boost)  
  30  2:47  Probe (Chrono Boost)  
  32  2:56  Probe (Chrono Boost)  
  32  2:57  Probe (Chrono Boost)  
  34  3:01  Probe (Chrono Boost)  
  35  3:06  Probe, Oracle (Chrono Boost)  
  39  3:13  Probe  
  39  3:17  Gateway  
  39  3:18  Probe  
  41  3:22  Gateway  
  41  3:25  Probe  
  42  3:30  Probe  
  43  3:36  Oracle  
  43  3:37  Probe  
  47  3:42  Probe  
  48  3:50  Probe  
  48  3:52  Nexus  
  48  3:54  Probe  
  50  3:58  Pylon  
  50  4:06  Probe  
  50  4:07  Probe  
  52  4:13  Assimilator, Phoenix  
  51  4:18  Probe (Chrono Boost)  
  51  4:19  Forge  
  51  4:20  Twilight Council  
  51  4:22  Probe (Chrono Boost)  
  53  4:30  Probe (Chrono Boost)  
  55  4:33  Probe (Chrono Boost)  
  55  4:36  Probe (Chrono Boost)  
  55  4:37  Probe (Chrono Boost)  
  55  4:38  Phoenix  
  58  4:45  Probe  
  60  4:48  Probe  
  62  5:02  Pylon  
  62  5:04  Probe  
  62  5:08  Stalker, Zealot x2  
  62  5:11  Shield Battery  
  62  5:12  Shield Battery  
  62  5:13  Shield Battery  
  64  5:15  Probe  
  64  5:16  Probe x2  
  65  5:22  Photon Cannon  
  65  5:26  Photon Cannon  
  65  5:30  Stalker  
  60  5:43  Probe (Chrono Boost)  
  60  5:44  Stalker x2  
  60  5:45  Probe (Chrono Boost)  
  60  5:46  Probe (Chrono Boost)  
  61  5:55  Probe (Chrono Boost)  
  61  5:56  Probe (Chrono Boost)  
  61  5:57  Probe (Chrono Boost)  
  64  6:00  Stalker  
  67  6:04  Probe  
  67  6:09  Zealot  
  67  6:10  Zealot  
Show
View Real Time Build Order
Export as new Build Order

HeroMarine Terran - Winner!

Build Orders: Reaper Expand 

Get SALT Encoding   

  12  0:00  SCV  
  13  0:12  SCV  
  14  0:17  Supply Depot  
  14  0:24  SCV  
  15  0:38  SCV  
  15  0:39  Barracks  
  16  0:43  Refinery  
  16  0:50  SCV  
  17  1:02  SCV  
  18  1:14  SCV  
  19  1:26  Reaper  
  19  1:27  Orbital Command  
  20  1:44  Command Center  
  20  1:49  Supply Depot  
  20  1:52  SCV  
  21  1:58  Marine  
  22  2:04  SCV  
  22  2:08  Factory  
  23  2:16  SCV  
  23  2:18  Refinery  
  23  2:19  Marine  
  25  2:28  SCV  
  26  2:37  Barracks Reactor  
  26  2:39  Bunker  
  26  2:40  SCV  
  27  2:53  SCV  
  27  2:54  Starport  
  27  2:56  Widow Mine  
  27  2:57  Orbital Command  
  30  3:05  SCV  
  31  3:13  Marine x2  
  31  3:17  SCV  
  31  3:18  Widow Mine  
  36  3:23  SCV  
  36  3:27  Supply Depot  
  37  3:29  SCV  
  37  3:31  Marine x2, Medivac  
  42  3:35  SCV  
  44  3:41  SCV  
  44  3:42  Factory Tech Lab  
  44  3:46  Supply Depot  
  44  3:47  SCV  
  45  3:49  Marine x2  
  45  3:53  SCV  
  48  3:59  SCV  
  48  4:01  Cyclone, Viking  
  54  4:07  SCV  
  54  4:09  Supply Depot  
  55  4:10  Marine x2  
  55  4:12  SCV  
  55  4:15  Armory  
  58  4:21  SCV  
  58  4:24  SCV  
  60  4:28  Marine x2  
  60  4:29  Supply Depot  
  39  4:31  Viking  
  62  4:36  SCV x2  
  66  4:45  Marine  
  66  4:46  Marine  
  66  4:48  SCV x2  
  66  4:51  Cyclone  
  73  5:00  SCV x2  
  73  5:01  Command Center  
  73  5:03  Viking  
  73  5:06  Marine  
  78  5:24  Siege Tank, Marine, SCV x2  
  78  5:28  Barracks x2  
  83  5:36  SCV x2, Marine  
  83  5:41  Marine  
  83  5:43  Viking  
  83  5:47  Refinery  
  83  5:48  SCV, Engineering Bay  
  86  6:03  SCV  
  86  6:04  SCV  
  82  6:14  Barracks  
  82  6:15  Barracks  
  82  6:16  Barracks Tech Lab  
Tags
 
Add a new tag
Caveats
  • Supply blocks, unpowered buildings, or Contaminate may cause inaccurate times.
  • Supply counts are checked every 10 seconds.